 Dungeon Crawl Stone Soup version 0.30-a0-743-gbfdf073431 (webtiles) character file.

Game seed: 1365181830979779335

154 ragingrage the Sneak (level 5, -6/31 HPs)
             Began as an Octopode Enchanter on Feb 5, 2023.
             Killed by divine providence
             ... invoked by an orc priest
              (13 damage)
             ... on level 4 of the Dungeon.
             The game lasted 00:02:55 (2671 turns).

ragingrage the Sneak (Octopode Enchanter)           Turns: 2671, Time: 00:02:55

Health: -6/31      AC:  1    Str: 14    XL:     5   Next: 36%
Magic:  8/8        EV: 13    Int: 19    God:
Gold:   123        SH:  0    Dex: 12    Spells: 0/8 levels left

rFire   . . .      SeeInvis .    a - +1 dagger
rCold   . . .      Faith    .    (no shield)
rNeg    . . .      Spirit   .    (helmet restricted)
rPois   .          Reflect  .    (no amulet)
rElec   .          Harm     .    q - +6 ring of strength
rCorr   .          Rampage  .    (no ring)
Will    .....                    (no ring)
Stlth   ++++                     (no ring)
HPRegen 0.25/turn                (no ring)
MPRegen 0.11/turn                (no ring)
                                 (no ring)
                                 (no ring)

@: no status effects
A: almost no armour, amphibious, 8 rings, camouflage 1, gelatinous body 1,
(nimble swimmer 1), tentacles
a: no special abilities


You were on level 4 of the Dungeon.
You visited 1 branch of the dungeon, and saw 4 of its levels.

You collected 211 gold pieces.
You spent 88 gold pieces at shops.

Inventory:

Hand Weapons
 a - a +1 dagger (weapon)
 i - a +0 sling
 o - the +6 whip "Beastslayer" {flame, Fragile +Blink rElec}
   (You found it on level 2 of the Dungeon)

   rElec:     It insulates you from electricity.
   +Blink:    It lets you blink.
   Fragile:   It will be destroyed if unequipped.
Jewellery
 q - a +6 ring of strength (left tentacle)
Wands
 v - a wand of roots (8)
Scrolls
 c - a scroll of enchant weapon {unknown}
 d - a scroll of immolation {unknown}
 e - 2 scrolls of vulnerability {unknown}
 f - 3 scrolls of noise {unknown}
 h - 2 scrolls of identify {unknown}
 j - 5 scrolls of teleportation
 k - a scroll of butterflies {unknown}
 l - a scroll of enchant armour {unknown}
 s - 2 scrolls of amnesia {unknown}
 u - a scroll of brand weapon {unknown}
 w - a scroll of magic mapping {unknown}
 x - a scroll of silence {unknown}
Potions
 b - 2 potions of invisibility
 g - 3 potions of haste {unknown}
 m - a potion of brilliance {unknown}
 n - a potion of ambrosia {unknown}
 p - a potion of curing {unknown}
 r - a potion of berserk rage {unknown}
 t - 2 potions of magic {unknown}
 z - a potion of heal wounds


   Skills:
 + Level 2.8 Short Blades
 - Level 2.0 Dodging
 - Level 5.0 Stealth
 - Level 2.0 Spellcasting
 + Level 4.1 Hexes
 + Level 2.0 Ice Magic


You couldn't memorise any spells.
You knew the following spells:

 Your Spells              Type           Power      Damage    Failure   Level
a - Ensorcelled Hibernat  Hex/Ice        26%        N/A       8%          2
b - Confusing Touch       Hex            17%        N/A       10%         3
c - Tukima's Dance        Hex            17%        N/A       10%         3

Your spell library contained the following spells:

 Spells                   Type           Power      Damage    Failure   Level
 Dazzling Flash           Conj/Hex       18%        N/A       22%         3
 Summon Guardian Golem    Hex/Summ       9%         N/A       22%         3
 Orb of Destruction       Conj           0%         9d5       100%        7
 Spellforged Servitor     Conj/Summ      0%         N/A       100%        7


Dungeon Overview and Level Annotations

Branches:
Dungeon (4/15)
 Temple: D:4-7

Altars:

Shops:
D:4 *

Annotations:
D:3 Grinder


Innate Abilities, Weirdness & Mutations

You cannot wear most types of armour.
You are amphibious.
You can wear up to eight rings at the same time.
Your skin changes colour to match your surroundings (Stealth+).
Your rubbery body absorbs attacks. (AC +1, EV +1)
((You are camouflaged when in or above water. (Stealth+)))
You have tentacles for arms and can constrict up to eight enemies at once.


Message History

Magic restored.
You open the door.
Found a stone staircase leading down.
There is an open door here.
f - 2 scrolls labelled FOR SUTHRUNUER (gained 1)
You open the door.
There is an open door here.
There is an open door here.
There is a stone staircase leading down here.
There is an open door here.
You open the door.
There is an open door here.
You open the door.
There is an open door here.
You open the door.
There is an open door here.
f - 3 scrolls labelled FOR SUTHRUNUER (gained 1)
You open the door.
There is an open door here.
A goblin comes into view. It is wielding a +0 club.
A goblin is nearby!
Found a ring mail.
The goblin shouts!
You hear a shout! x2
Found a scroll labelled LAERUMN OBRAAJ.
The goblin barely misses you.
An orc comes into view. It is wielding a +0 war axe.
You see here a scroll labelled QENOEPL BYDGHO.
An orc priest comes into view. It is wielding a +0 dagger.
The goblin hits you with a +0 club.
You hit the goblin.
You kill the goblin!
You see here a scroll labelled QENOEPL BYDGHO.
The orc priest calls down the wrath of Beogh upon you.
Beogh smites you!
The orc priest invokes the aid of Beogh against you.
Beogh smites you!
* * * LOW HITPOINT WARNING * * *
You hear a shout!
The orc priest calls down the wrath of Beogh upon you.
Beogh smites you!
You die...

#.....# ...#
#..[.o##..#######
#.........##....#
#....)....#.....######
#...?.##..#....##.....
#....o#######..##.....
#.....##..###..##.....
#.....#....#..........
#....@#....#..........
#.....#....##..##..###
#.....#....##'###..#..
#.....#............#..
#.....#............#..
#.....#............#..
#.....#............'..
#.....#....##..##..#..
#.....##...###########


You could see an orc priest and an orc.

Vanquished Creatures
  Natasha (thrice) (D:2)
  An adder (D:3)
  A white imp (D:4)
  3 dart slugs
  5 orcs
  9 bats
  7 endoplasms
  4 goblins
  2 hobgoblins
  2 jackals (D:1)
  2 kobolds
  2 quokkas (D:3)
  4 ball pythons
  4 rats
49 creatures vanquished.

Notes
Turn   | Place    | Note
-------+----------+-------------------------------------------
     0 | D:1      | ragingrage the Octopode Enchanter began the quest for the
                  | Orb.
     0 | D:1      | Reached XP level 1. HP: 11/11 MP: 3/3
    94 | D:1      | Reached XP level 2. HP: 17/17 MP: 5/5
   508 | D:1      | Reached XP level 3. HP: 21/21 MP: 6/6
   993 | D:2      | Learned a level 2 spell: Ensorcelled Hibernation
   997 | D:2      | Learned a level 3 spell: Confusing Touch
  1047 | D:2      | Noticed Natasha
  1053 | D:2      | Killed Natasha
  1102 | D:2      | Noticed Natasha
  1106 | D:2      | Killed Natasha
  1107 | D:2      | Reached skill level 5 in Stealth
  1107 | D:2      | Reached skill level 1 in Ice Magic
  1107 | D:2      | Reached XP level 4. HP: 27/27 MP: 2/7
  1163 | D:2      | Identified the +6 whip "Beastslayer" {flame, Fragile +Blink
                  | rElec}
  1291 | D:2      | Noticed Natasha
  1296 | D:2      | Killed Natasha
  1621 | D:3      | Noticed Grinder
  1671 | D:3      | Found a faded altar of an unknown god.
  1763 | D:3      | Reached XP level 5. HP: 27/31 MP: 5/8
  1850 | D:3      | Learned a level 3 spell: Tukima's Dance
  2450 | D:4      | Found Kunnuhil's General Store.
  2454 | D:4      | Bought a potion of heal wounds for 55 gold pieces
  2454 | D:4      | Bought a scroll of teleportation for 33 gold pieces
  2671 | D:4      | Killed from afar by an orc priest

Illustrated notes

Levels and vault maps discovered:
D:1:      spicycebolla_arrival_clurvy, layout_basic, minmay_pentomino_t4
D:2:      layout_loops_ring, uniq_natasha
D:3:      layout_rooms, nicolae_ecumenical_pavilion, kennysheep_generic_room_3,
          uniq_grinder
D:4:      layout_gridville, mainiacjoe_overflow_cross_hatched,
          old_standard_altar, serial_shops, nicolae_shop_crystal

Skill      XL: |  1  2  3  4  5 |
---------------+----------------+-----
Short Blades   | 2 |  2.8
Stealth        | 5 |  5.0
Ice Magic      | 1 2 |  2.0
Hexes          | 4 |  4.1
Dodging        | |  2.0
Spellcasting   | |  2.0

Action                     |  1- 3 |  4- 6 || total
---------------------------+-------+-------++-------
  Melee: Dagger            |    35 |    43 ||    78
         Constrict         |     7 |     9 ||    16
         Tentacles         |     5 |     6 ||    11
         Punch             |     1 |       ||     1
   Cast: Ensorcelled Hiber |     2 |     4 ||     6
         Confusing Touch   |       |     2 ||     2
         Tukima's Dance    |       |     1 ||     1
   Stab: Sleeping          |    15 |    12 ||    27
 Armour: Skin              |       |     2 ||     2
  Dodge: Dodged            |    15 |    17 ||    32

Table legend: (Time is in decaauts)
 A = Elapsed time spent in this place.
 B = Non-inter-level travel time spent in this place.
 C = Inter-level travel time spent in this place.
 D = Time resting spent in this place.
 E = Time spent auto-exploring this place.
 F = Levels seen in this place.
 G = Mean time per level.
                   A        B        C        D        E       F      G
               +--------+--------+--------+--------+--------+-----+--------+
         Total |   2665 |   2436 |    229 |    165 |   1847 |   4 |  666.2 |
       Dungeon |   2665 |   2436 |    229 |    165 |   1847 |   4 |  666.2 |
               +--------+--------+--------+--------+--------+-----+--------+

Top non-repeatable levels by time:
     D:1: 976 daAuts
     D:2: 799 daAuts
     D:3: 720 daAuts
     D:4: 168 daAuts
